 Dungeon Crawl Stone Soup version 0.21-a0-538-gd16b88a (webtiles) character file.

50 Lanoc the Grasshopper (level 3, -1/27 HPs)
             Began as a Gnoll Warper on Dec 16, 2017.
             Slain by an adder (2 damage)
             ... on level 2 of the Dungeon.
             The game lasted 00:04:22 (831 turns).

Lanoc the Grasshopper (Gnoll Warper)                 Turns: 831, Time: 00:04:22

Health: -1/27      AC:  5    Str: 13    XL:     3   Next: 79%
Magic:  9/9        EV: 14    Int: 20    God:
Gold:   55         SH:  0    Dex: 15    Spells: 8/12 levels left

rFire    . . .     SeeInvis .   o - +0 mace (crush)
rCold    + . .     Gourm    .   (no shield)
rNeg     . . .     Faith    .   g - +0 leather armour {rC+}
rPois    .         Spirit   .   (no helmet)
rElec    .         Reflect  .   (no cloak)
rCorr    .         Harm     .   (no gloves)
MR       .....                  (no boots)
Stlth    +.........             (no amulet)
HPRegen  0.09/turn              (no ring)
MPRegen  0.11/turn              (no ring)

@: brilliant, lethally poisoned (-1 -> -10)
A: distributed training, fangs 1, hooves 1, icy blue scales 1, frail 1,
MP-powered wands, strong nose
a: no special abilities


You were on level 2 of the Dungeon.
You were not hungry.

You visited 1 branch of the dungeon, and saw 2 of its levels.

You collected 55 gold pieces.

Inventory:

Hand Weapons
 o - a +0 mace of crushing (weapon)
Missiles
 e - 5 tomahawks of dispersal (quivered)
 j - 51 sling bullets
Armour
 g - a +0 leather armour of cold resistance (worn)
Scrolls
 a - a scroll of immolation {unknown}
 d - 2 scrolls of blinking
 l - 3 scrolls of enchant weapon {unknown}
 m - a scroll of enchant armour {unknown}
 n - 2 scrolls of fear {unknown}
 q - a scroll of remove curse {unknown}
 r - a scroll of magic mapping {unknown}
 s - a scroll of amnesia {unknown}
Books
 c - a book of Spatial Translocations

   Spells                             Type                      Level
   a - Blink                          Translocation                2
   b - Shroud of Golubria             Charms/Translocation         2
   c - Lesser Beckoning               Translocation                3
   d - Gell's Gravitas                Translocation                3
   e - Teleport Other                 Translocation                3
   f - Passage of Golubria            Translocation                4
Comestibles
 b - 3 meat rations
 f - 3 bread rations
 i - 6 chunks of flesh
 k - a royal jelly


   Skills:
 + Level 4.5 Fighting
 + Level 0.9 Short Blades
 + Level 4.5 Long Blades
 + Level 0.9 Axes
 + Level 0.9 Maces & Flails
 + Level 0.9 Polearms
 + Level 0.9 Staves
 + Level 0.9 Slings
 + Level 0.9 Bows
 + Level 0.9 Crossbows
 + Level 2.6 Throwing
 + Level 2.6 Armour
 + Level 4.5 Dodging
 + Level 0.9 Stealth
 + Level 0.9 Shields
 + Level 0.9 Unarmed Combat
 + Level 5.0 Spellcasting
 + Level 0.6 Conjurations
 + Level 0.6 Hexes
 + Level 0.6 Charms
 + Level 0.6 Summonings
 + Level 0.6 Necromancy
 + Level 5.4 Translocations
 + Level 0.6 Transmutations
 + Level 0.6 Fire Magic
 + Level 0.6 Ice Magic
 + Level 0.6 Air Magic
 + Level 0.6 Earth Magic
 + Level 0.6 Poison Magic
 + Level 1.0 Invocations
 + Level 0.9 Evocations


You had 8 spell levels left.
You knew the following spells:

 Your Spells              Type           Power        Failure   Level  Hunger
a - Blink                 Tloc           N/A          1%          2    None
b - Shroud of Golubria    Chrm/Tloc      ####......   1%          2    None


Dungeon Overview and Level Annotations

Branches:
Dungeon (2/15)

Altars:


Innate Abilities, Weirdness & Mutations

Your experience applies equally to all skills.
You have very sharp teeth.
Your uncanny sense of smell can sniff out nearby items.
You have large cloven feet.
You are partially covered in icy blue scales. (AC +2)
You are frail. (-10% HP)
You expend magic power (3 MP) to strengthen your wands.


Message History

You hit the adder. Your bite misses the adder.
The adder is heavily wounded.
The adder bites you.
* * * LOW HITPOINT WARNING * * *
The adder barely misses you.
You closely miss the adder. You kick the adder.
The adder is severely wounded.
* * * LOW HITPOINT WARNING * * *
You feel sick. The adder closely misses you.
You hit the adder. Your kick misses the adder.
The adder is almost dead.
The adder misses you. The adder bites you.
* * * LOW HITPOINT WARNING * * *
You are more poisoned.
The adder poisons you!
You barely miss the adder.
The adder is almost dead.
* * * LOW HITPOINT WARNING * * *
You feel sick. The adder bites you.
You die...

.####.# ##..#
..# ....#
#.... ..##
###.#
8..8##>.. #.#
#.......# #.#
#.......# #.#
#.......##.#
#.#
#..s......#
#.## #S# #..#
#@# ##.# #.#
#.# #<# #.#
#.#####.# #.#
#.......# #.#
##.#.#### #.#
#.#.# #.#
########.#.#
#.#
##.#......#.#


You could see a scorpion and an adder.

Vanquished Creatures
  An ooze (D:2)
  2 worms (D:2)
  A dart slug (D:1)
  A leopard gecko (D:2)
  A ball python (D:1)
  3 giant cockroaches (D:1)
  2 goblins
  5 hobgoblins
  A quokka (D:2)
  8 bats
  5 frilled lizards
  3 kobolds (D:2)
  3 rats
36 creatures vanquished.

Notes
Turn   | Place    | Note
-------+----------+-------------------------------------------
     0 | D:1      | Lanoc the Gnoll Warper began the quest for the Orb.
     0 | D:1      | Reached XP level 1. HP: 20/20 MP: 6/6
    68 | D:1      | Reached XP level 2. HP: 22/26 MP: 7/7
   392 | D:1      | Reached XP level 3. HP: 31/31 MP: 9/9
   479 | D:2      | Learned a level 2 spell: Blink
   482 | D:2      | Learned a level 2 spell: Shroud of Golubria
   490 | D:2      | Reached skill level 5 in Spellcasting
   710 | D:2      | Reached skill level 1 in Invocations
   815 | D:2      | Noticed a scorpion
   825 | D:2      | Gained mutation: You are frail. (-10% HP) [potion of mutation]
   825 | D:2      | Gained mutation: You expend magic power (3 MP) to strengthen your wands. [potion of mutation]
   825 | D:2      | Gained mutation: You have large cloven feet. [potion of mutation]
   825 | D:2      | Gained mutation: You are partially covered in icy blue scales. (AC +2) [potion of mutation]
   831 | D:2      | HP: 1/27 [poisoned by an adder]
   831 | D:2      | Slain by an adder

Vault maps used:
D:1:      dpeg_arrival_arbitrary_b
D:2:      minitemple, first_bread

Skill      XL: |  1  2  3 |
---------------+----------+-----
Spellcasting   | 5 |  5.0
Invocations    | 1 |  1.0
Fighting       | |  4.5
Short Blades   | |  0.9
Long Blades    | |  4.5
Axes           | |  0.9
Maces & Flails | |  0.9
Polearms       | |  0.9
Staves         | |  0.9
Slings         | |  0.9
Bows           | |  0.9
Crossbows      | |  0.9
Throwing       | |  2.6
Armour         | |  2.6
Dodging        | |  4.5
Stealth        | |  0.9
Shields        | |  0.9
Unarmed Combat | |  0.9
Conjurations   | |  0.6
Hexes          | |  0.6
Charms         | |  0.6
Summonings     | |  0.6
Necromancy     | |  0.6
Translocations | |  5.4
Transmutations | |  0.6
Fire Magic     | |  0.6
Ice Magic      | |  0.6
Air Magic      | |  0.6
Earth Magic    | |  0.6
Poison Magic   | |  0.6
Evocations     | |  0.9

Action                   || total
-------------------------++-------
Melee: Falchion          ||    35
       Mace              ||    59
       Bite              ||     7
       Kick              ||     1
  Use: Potion            ||     2
 Stab: Sleeping          ||     1
Armor: Leather armour    ||    24
Dodge: Dodged            ||    98
       Rpst.: Falchion   ||    16

Table legend:
 A = Spawn XP
 B = Non-spawn XP
 C = Spawn XP percentage of total XP
 D = Spawn monster count
 E = Non-spawn monster count
 F = Spawn count percentage of total count
 G = Total turns spent on level
                    A         B        C        D         E        F      G
               +---------+---------+-------+---------+---------+-------+---------
         Total |       0 |      72 |   0.0 |       0 |      36 |   0.0 |   831
               +---------+---------+-------+---------+---------+-------+---------
           D:1 |       0 |      35 |   0.0 |       0 |      20 |   0.0 |   445
           D:2 |       0 |      37 |   0.0 |       0 |      16 |   0.0 |   386
               +---------+---------+-------+---------+---------+-------+---------
